Cogmind - Beta 17 @@@ ROGUE MODE // 2026.07.27 @ 23:20:16 Player: TheSkyeDoctor Result: Destroyed by as-26953 with Assembled Blade Performance ------------- Evolutions (0) 0 Regions Visited (2) 400 Robots Destroyed (19) 95 Value Destroyed (252) 252 Prototype IDs (0) 0 Alien Tech Used (0) 0 Bonus (0) 0 TOTAL SCORE: 747 Bonus ------- None Cogmind --------- Core Integrity 0/250 Matter 300/300 Energy 100/100 System Corruption 0% Temperature Cool (0) Movement Core (200) Ox3 Location -10/Mines Parts ------- > --- POWER (1) -------- (None) > --- PROPULSION (2) --- (None) > --- UTILITY (2) ------ Small Storage Unit > --- WEAPON (2) ------- Medium Laser Particle Gun > --- INVENTORY (8) ---- Ion Engine High-capacity Matter Pod (200) Structural Scanner Improved Terrain Scanner Seismic Detector Decoy Drone Bay Peak State ------------ > --- POWER ------------ Ion Engine > --- PROPULSION ------- Light Treads Light Treads > --- UTILITY ---------- Small Storage Unit Seismic Detector > --- WEAPON ----------- EM Pulse Gun Medium Laser > --- INVENTORY -------- Ion Engine Wheel [Rating: 7] Favorites ----------- Power Ion Engine Engine Ion Engine Propulsion Light Treads Treads Light Treads Wheel Wheel Utility Small Storage Unit Device Seismic Detector Storage Small Storage Unit Protection Light Armor Plating Weapon Medium Laser Energy Gun Medium Laser Build | -11 -10 -10 ------- Run | Yrd Mat Min Slots Evolved . | . . . Power . | . . . Propulsion . | . . . Utility . | . . . Weapon . | . . . Parts Attached 11 | 7 . 4 Power 1 | 1 . . Engine 1 | 1 . . Core . | . . . Reactor . | . . . Propulsion 3 | 2 . 1 Treads 2 | 2 . . Leg . | . . . Wheel 1 | . . 1 Hover . | . . . Flight . | . . . Utility 3 | 2 . 1 Device 1 | 1 . . Storage 1 | 1 . . Processor . | . . . Hackware . | . . . Protection 1 | . . 1 Artifact . | . . . Weapon 4 | 2 . 2 Energy Gun 4 | 2 . 2 Energy Cannon . | . . . Ballistic Gun . | . . . Ballistic Cannon . | . . . Launcher . | . . . Special Weapon . | . . . Impact Weapon . | . . . Slashing Weapon . | . . . Piercing Weapon . | . . . Special Melee Weapon . | . . . Unidentified Prototypes . | . . . Parts Lost 6 | . . 6 Power 1 | . . 1 Propulsion 2 | . . 2 Utility 1 | . . 1 Weapon 2 | . . 2 Highest Loss Streak 3 | . . 3 To Critical Strikes . | . . . Average Backups 4 | 1 5 6 Power . | . 1 1 Propulsion . | . 1 . Utility 2 | . 3 4 Weapon . | . . . Tool/Special . | . . . Unused Backups 5 | . . 5 Power 1 | . . 1 Propulsion . | . . . Utility 4 | . . 4 Weapon . | . . . Tool/Special . | . . . Average Slot Usage (%) 83 | . 93 67 Engine 10 | . 14 4 Treads 19 | . 22 13 Device 9 | . 13 4 Storage 14 | . 14 14 Protection 1 | . . 4 Energy Gun 26 | . 27 23 Peak Build Rating 7 | 7 7 7 Average Rating 6 | 6 6 6 On Entrance 4 | . 7 6 Avg Prop Armor Cover (%) 13 | . . 13 Naked Turns . | . . . Heaviest Build 15 | 15 15 15 Greatest Support 40 | 40 40 20 Greatest Overweight (x) 3 | . . 3 Average Overweight (x) . | . . . Largest Inventory Capacity 8 | 8 8 8 Average Capacity 7 | 7 8 8 Most Carried 7 | 3 7 7 Average Carried 4 | 1 5 6 Final Capacity 8 | 8 8 8 Final Carried 7 | 3 7 7 Class Distribution -------------------- 100% | Mutant Dominant Class ---------------- Mutant | -10/Materials Mutant | -10/Mines Resources | -11 -10 -10 ----------- Run | Yrd Mat Min Matter Collected 510 | 270 220 20 Remotely . | . . . Salvage Created 489 | 196 171 122 Parts 48 | 28 10 10 Haulers Intercepted 1 | . 1 . Recyclers Shooed 2 | 1 1 . Parts Field Recycled . | . . . Retrieved Matter . | . . . Parts Self-Destructed . | . . . Prevented . | . . . Parts Restored . | . . . Kills | -11 -10 -10 ------- Run | Yrd Mat Min Combat Hostiles Destroyed 10 | . 5 5 Guns 8 | . 3 5 AOE 2 | . 2 . Classes Destroyed 6 | 2 3 1 Tunneler 8 | 8 . . Hauler 1 | . 1 . Recycler 1 | 1 . . Swarmer 6 | . 3 3 Grunt 3 | . 2 1 Assembled 1 | . . 1 Best Kill Streak 3 | 2 3 3 Combat Bots Only 3 | . 3 3 Max Kills in Single Turn 1 | 1 1 1 Gunslinging . | . . . Exploded 1 | . 1 . Melee . | . . . Uniques/NPCs Destroyed . | . . . Combat | -11 -10 -10 -------- Run | Yrd Mat Min Hostile Shots Fired 84 | . 36 48 Missed 25 | . 13 12 Hits 59 | . 23 36 Melee 11 | . . 11 Projectile 48 | . 23 25 AOE 1 | . . 1 Critical Strikes 1 | . . 1 Damage Taken 892 | . 244 648 Core 250 | . 48 202 Absorbed by Shields . | . . . Core Remaining (%) 100 | 100 . . Volleys Fired 44 | 17 15 12 Largest 2 | 2 2 2 Hottest 115 | 90 90 115 Shots Fired 82 | 34 27 21 Gun 82 | 34 27 21 Cannon . | . . . Launcher . | . . . Special . | . . . Kinetic . | . . . Thermal 42 | 17 12 13 Explosive . | . . . Electromagnetic 40 | 17 15 8 Robot Hit Streak 8 | 4 4 8 Robot Miss Streak 5 | 2 2 5 Penetration Max . | . . . Secondary Targets 1 | . . 1 Max Gunslinging Chain 1 | . . 1 Shots Hit Robots 46 | 20 14 12 Core Hits 25 | 10 7 8 Critical Kills . | . . . Critical Parts Destroyed . | . . . Critical Strikes 2 | . 1 1 Burn 2 | . 1 1 Melee Attacks . | . . . Impact . | . . . Slashing . | . . . Piercing . | . . . Sneak Attacks . | . . . Combat Hostiles . | . . . Follow-up Attacks . | . . . Damage Inflicted 742 | 298 305 139 Guns 583 | 258 186 139 Cannons . | . . . Explosions 150 | 40 110 . Melee . | . . . Ramming 9 | . 9 . Kinetic . | . . . Thermal 453 | 175 174 104 Explosive . | . . . Electromagnetic 280 | 123 122 35 Impact . | . . . Slashing . | . . . Piercing . | . . . Highest Corruption . | . . . Average Corruption . | . . . Corruption Purged . | . . . Corruption Blocked . | . . . Overload Shots . | . . . Overflow Damage 33 | . 33 . Projectiles . | . . . Explosions 33 | . 33 . Melee . | . . . Knockbacks . | . . . Impact . | . . . Kinetic . | . . . Secondary . | . . . Self-Inflicted Damage . | . . . Shots . | . . . Rammed 1 | . 1 . Targets Rammed 1 | . 1 . Kicked . | . . . Crushed . | . . . Highest Temperature 210 | 150 210 180 Average Temperature 59 | 42 79 62 Received Heat Transfer 198 | . 81 117 Siege Activations . | . . . Martial Activations . | . . . Shielding Activations . | . . . Robots Disrupted . | . . . Combat Hostiles . | . . . Robots Corrupted . | . . . Combat Hostiles . | . . . Parts Fried . | . . . Impact Corruptions . | . . . Robots Melted . | . . . Combat Hostiles . | . . . Parts Melted . | . . . Heat Transferred 1186 | 407 409 370 Parts Sabotaged . | . . . Parts Stolen . | . . . Parts Stripped . | . . . Power Chain Reactions 3 | 1 2 . Alert | -11 -10 -10 ------- Run | Yrd Mat Min Maximum Alert Level . | . . . Low Security (%) 100 | 100 100 100 Level 1 . | . . . Level 2 . | . . . Level 3 . | . . . Level 4 . | . . . Level 5 . | . . . High Security . | . . . Max Security . | . . . Peak Influence 83 | 10 83 67 Initial 7 | . . 7 Average 20 | 1 38 18 Influence Increases 305 | 45 160 100 Destroy 0b10 Robot/C 180 | . 100 80 Destroy 0b10 Robot/NC 50 | 45 5 . Destroy Leader 42 | . 22 20 Destroy Structure 3 | . 3 . Lose Combat Pursuer 30 | . 30 . Influence Decreases 305 | 45 140 120 Entered New Map 13 | . . 13 Time Decay 262 | 45 140 77 Lost Part 30 | . . 30 Squads Dispatched 1 | . 1 . Investigation 1 | . 1 . Extermination . | . . . Reinforcement . | . . . Assault . | . . . Garrison . | . . . Intercept . | . . . Searches Triggered . | . . . Construction Impeded . | . . . Haulers Reinforced . | . . . Active Scanning Responses . | . . . Cargo Convoy Interrupts . | . . . Stealth | -11 -10 -10 --------- Run | Yrd Mat Min Distress Signals . | . . . Communications Jammed . | . . . Distress Signals . | . . . Times Spotted 25 | . 7 18 Peak Tracking Total 11 | . 3 11 Tactical Retreats 2 | . 1 1 Traps | -11 -10 -10 ------- Run | Yrd Mat Min Traps Triggered 2 | . 2 . Indirectly . | . . . Trap Hack Attempts . | . . . Triggered . | . . . Disarmed . | . . . Reprogrammed . | . . . Reused . | . . . Traps Extracted . | . . . Installed . | . . . Triggered . | . . . Machines | -11 -10 -10 ---------- Run | Yrd Mat Min Machines Disabled . | . . . Max in Single Turn . | . . . Machines Repaired . | . . . Machines Dismantled . | . . . Machines Sabotaged . | . . . Overloaded Fab Kills . | . . . Hacking | -11 -10 -10 --------- Run | Yrd Mat Min Machines Accessed 2 | . 1 1 Terminals 1 | . 1 . Fabricators . | . . . Repair Stations . | . . . Recycling Units . | . . . Scanalyzers . | . . . Garrison Access . | . . . Total Hacks 3 | . 2 1 Successful 2 | . 1 1 Failed 1 | . 1 . Catastrophic . | . . . Database Lockouts . | . . . Manual 2 | . 2 . Terminals 2 | . 2 . Fabricators . | . . . Repair Stations . | . . . Recycling Units . | . . . Scanalyzers . | . . . Garrison Access . | . . . Terminal Hacks 1 | . . 1 Open Door 1 | . . 1 Fabricator Hacks . | . . . Repair Station Hacks . | . . . Recycling Unit Hacks . | . . . Scanalyzer . | . . . Garrison Access Hacks . | . . . Unauthorized Hacks 1 | . 1 . Terminals 1 | . 1 . Botnet 1 | . 1 . Fabricators . | . . . Repair Stations . | . . . Recycling Units . | . . . Scanalyzers . | . . . Garrison Access . | . . . Data Cores Recovered . | . . . Used . | . . . Hacking Detections 1 | . 1 . Full Trace Events . | . . . Feedback Events . | . . . Feedback Blocked . | . . . Robot Schematics Acquired . | . . . Robots Built . | . . . Authchips . | . . . Time . | . . . Total Robot Build Rating . | . . . Part Schematics Acquired . | . . . Parts Built . | . . . Authchips . | . . . Time . | . . . Total Part Build Rating . | . . . Part Studies Acquired . | . . . Parts Repaired . | . . . Time . | . . . Parts Recycled . | . . . Recycled Matter . | . . . Retrieved Matter . | . . . Retrieved Components . | . . . Parts Scanalyzed . | . . . Part Schematics Acquired . | . . . Parts Damaged . | . . . Bothacking | -11 -10 -10 ------------ Run | Yrd Mat Min Used RIF Installer . | . . . Robots Hacked . | . . . Non-combat . | . . . Combat . | . . . Robot Hacks Applied . | . . . Relay Couplers Released . | . . . Fabnet Peak Effective % . | . . . Robots Rewired . | . . . Allies Hacked . | . . . Hacks Repelled . | . . . Allies | -11 -10 -10 -------- Run | Yrd Mat Min Total Allies . | . . . Largest Group . | . . . Highest-Rated Group . | . . . Highest-Rated Ally . | . . . Total Orders . | . . . Ally Attacks . | . . . Total Damage . | . . . Kills . | . . . Allies Corrupted . | . . . Allies Melted . | . . . Intel | -11 -10 -10 ------- Run | Yrd Mat Min Active Infowar (turns) 602 | 192 349 61 Seismic 602 | 192 349 61 Robot Analysis Total . | . . . Derelict Logs Recovered . | . . . Drone Launches . | . . . Drone Recoveries . | . . . Exploration | -11 -10 -10 ------------- Run | Yrd Mat Min Turns Passed 896 | 303 364 229 Spaces Moved 490 | 153 194 143 Core 12 | 6 . 6 Treads 427 | 147 194 86 Legs . | . . . Wheels 51 | . . 51 Hover . | . . . Flight . | . . . Fastest Speed 50 | 50 160 80 Average Speed 150 | 155 160 133 Slowest Speed 200 | 160 160 200 Overloaded Moves . | . . . Propulsion Burnouts . | . . . Robots Hopped . | . . . Potential Cave-ins . | . . . Cave-ins Triggered . | . . . Exploration Rate (%) 24 | 5 37 31 Regions Visited 2 Branch Regions 1 Pre-discovered Areas . | . . . Known Exits Taken . | . . . Unknown Exits Taken 2 | 1 1 . Scrap Searched . | . . . Spaces Dug . | . . . Terrain Destroyed 5 | 2 3 . Melee . | . . . Projectile . | . . . AOE 5 | 2 3 . Terrain Rammed . | . . . Walls Destroyed . | . . . Machines Disabled . | . . . Actions | -11 -10 -10 --------- Run | Yrd Mat Min Total 559 | 180 219 160 Wait 5 | 1 4 . Move 488 | 152 193 143 Hop . | . . . Pick Up 8 | 3 4 1 Fast Attach 10 | 7 2 1 Attach 2 | . . 2 Detach . | . . . Swap 1 | . . 1 Drop . | . . . Fire 44 | 17 15 12 Melee . | . . . Ram . | . . . Kick . | . . . Crush 1 | . 1 . Escape Stasis . | . . . Rewire . | . . . Trap . | . . . Miscellaneous . | . . . Route ------- -11/Scrapyard -10/Materials -10/Mines History --------- Turn | Location | Event 23 | -11/Scrapyard | Discovered new exit (range 15) 304 | -11/Scrapyard | Entered Materials 305 | -10/Materials | Build established: Mutant 580 | -10/Materials | Discovered new exit (range 10) 668 | -10/Materials | Entered Mines 707 | -10/Mines | Met a Derelict bent on vengeance 710 | -10/Mines | Assembled infested the area 766 | -10/Mines | Lost 3 parts (1p2w) 785 | -10/Mines | Found the Drone Emporium 785 | -10/Mines | Core integrity fell below 50% 791 | -10/Mines | Found Prototype Device 890 | -10/Mines | Core integrity fell below 20% 897 | -10/Mines | Destroyed by as-26953 with Assembled Blade Last Messages --------------- ready to tell them where they can shove that C&D." 00787_ 8M-21M(g): "I'm a fan of the free market. Free drones for all! No strings attached!" 00790_ SHOP.Sys disabled. 00791_ Acquired Prototype Device. 00794_ G-34 Mercenary suffers critical hit (Burn). 00795_ Lgt. Armor Plating destroyed. 00797_ G-47 Trooper destroyed. 00798_ G-34 Mercenary destroyed. 00804_ Acquired Particle Gun. 00805_ Acquired 10 matter. 00860_ as-37379 destroyed. 00877_ as-50207 sneak attacks. 00877_ U-05 Engineer system corrupted by crushing effect. 00878_ U-05 Engineer system terminally corrupted. 00889_ Lgt. Treads destroyed. Map ----- +----------------------------------------------------+ | ??????### ##?????????????????????????????? | | ?????## ##????????????????????????????? | | ????## #????????????????????????????# | | ????# ##??????????????????????????## | | ????# #####?????????????????###### | | ???## ## ##???????????????## | | ???# #### ####???????????## | | ???# #??# ###### ?# """ | | ???# #??## #????# """ | | ???# #???##### #####??????# """ # | | ???# #???###### ##?????????# ## | | ???# ??##""## =% #?????????# ##? | | ???## #??#" # !% #?????????# ####?? | | ????####??#" %= ##?????????# #????? | | ??????????#" = #??????????# #????? | | ??????????#" # #??????????# #????? | | ??????????##""## ##?????????## ##???? | | ???????????##### ##????####?## ##??? | | ???????????????# #????## ### ##?? | | ???????????????# ##??## #?? | | ??????????????## #?## #?? | | ?????????????## ### #####?? | | ??????????#### a % ##?????? | | ??????????# ## ##??????? | | ??????????# ###a #### ##???????? | | ??????????######?#@ #??# ##????????? | | ?????????????????# #??## ######?????????? | | ????????????????? #???####??????????????? | | ????????????????## ?????????????????????? | | ?????????????????# ????????????????????? | | ?????????????????#### ???????????????????? | | ????????????????????? ???????????????????? | | ????????????????????? #??????????????????? | | ?????????????????????? ??????????????????? | | ??????????????????????# ?????????????????? | | ??????????????????????? ?????????????????? | | ???????????????????????? ????????????????? | | ???????????????????????? $???????????????? | | ????????????????????????? ????????????????? | | ??????????????????????????????????????????? | | ??????????????????????????????????????????? | | ??????????????????????????????????????????? | | ??????????????????????????????????????????? | | ??????????????????????????????????????????? | | ??????????????????????????????????????????? | | ??????????????????????????????????????????? | | ??????????????????????????????????????????? | | ??????????????????????????????????????????? | | ??????????????????????????????????????????? | | ??????????????????????????????????????????? | +----------------------------------------------------+ Best States ------------- Heat Dissipation 25 Energy Generation 10 Energy Capacity 250 Matter Stores 300 Matter Capacity 300 Sight Range 16 Terrain Scan Density 10 Armor Coverage 150 Evasion (%) 44 Recoil Reduction 2 Item Schematics ----------------- None Robot Schematics ------------------ None Fabricated ------------ Nothing Repaired ---------- Nothing Studied --------- None Alien Tech Used ----------------- None Achievements -------------- None Challenges ------------ None Game ------ Seed MassAmuletChaingun Manual? 0 Play Time 00:06:40 Cumulative 138.5 hours Start 2026.07.27 @ 23:15:18 End 2026.07.27 @ 23:20:16 Sessions 1 Manual Loads 0 Difficulty Rogue Special Mode None Game No. 288 Rogue 288 Adventurer 0 Explorer 0 Win Type - Total 1 Types 1/0/0/0/0/0/0/0/0/0 Lore% 55 Gallery% 55 Achievement% 43 Wizard Run 0 Options --------- Layout 2 ASCII 0 Keyboard 1 Movement Arrows Keybinds 0 Fullscreen 1 Font 24/Smallcaps Map View 50x44 Zoom Use 0% Tactical HUD 1 Map Filters NONE Filters NONE Steam 1 RUN: 1b3fe0f6-0b34-44a5-80d6-cb8b21fed051